 Dungeon Sprint DCSS version 0.28.0-43-g3370ac3207 (webtiles) character file.

Game seed: 5362286961527559015

2179 boopmooplesden the Severer (level 9, -26/93 HPs)
             Began as a Minotaur Berserker on Mar 13, 2022.
             Was a High Priest of Trog.
             Killed from afar by an oklob plant (30 damage)
             ... with a splash of acid
             ... in the Dungeon (Sprint IV: "Fedhas' Mad Dash").
             The game lasted 00:03:13 (1992 turns).

boopmooplesden the Severer (Minotaur Berserker)     Turns: 1992, Time: 00:03:14

Health: -26/93     AC:  0    Str: 21    XL:     9   Next: 11%
Magic:  7/8        EV: 15    Int:  4    God:    Trog [*****.]
Gold:   132        SH:  0    Dex: 15    Spells: 8/8 levels left

rFire   . . .      SeeInvis .   k - +0 war axe
rCold   . . .      Faith    .   (no shield)
rNeg    . . .      Spirit   .   l - +0 leather armour
rPois   .          Reflect  .   (helmet restricted)
rElec   .          Harm     .   (no cloak)
rCorr   .          Rampage  .   (no gloves)
Will    .....      NoTele   +   (no boots)
Stlth   +++.......              j - amulet of invisibility {+Inv}
HPRegen 0.25/turn               (no ring)
MPRegen 0.11/turn               (no ring)

@: corroded, on berserk cooldown, very slightly contaminated, slowed, very slow
A: horns 2, retaliatory headbutt
a: Renounce Religion, Evoke Invisibility, Berserk, Trog's Hand, Brothers in Arms


You were in the Dungeon.
You worshipped Trog.
Trog was extremely pleased with you.
You visited 1 branch You collected 182 gold pieces.
You spent 50 gold pieces at shops.

Inventory:

Hand Weapons
 a - a +0 hand axe
 k - a +0 war axe (weapon)
 m - a +0 war axe
Armour
 b - a +0 animal skin
 l - a +0 leather armour (worn)
Jewellery
 j - the amulet of invisibility (around neck) {+Inv}
   (You found it in the Dungeon)

   [amulet of nothing]

   +Inv:      It lets you turn invisible.
Scrolls
 h - a scroll of blinking
Potions
 c - a potion of curing
 d - a potion of heal wounds
 e - a potion of haste
 f - 2 potions of magic
 g - a potion of berserk rage
 i - a potion of lignification {unknown}


   Skills:
 + Level 13.4 Fighting
 + Level 15.0 Axes
 + Level 6.0 Armour
 + Level 7.0 Dodging
 + Level 6.3 Stealth
 + Level 6.5 Evocations


You had 8 spell levels left.
You didn't know any spells.
Your spell library was empty.

Dungeon Overview and Level Annotations

Branches:
Dungeon (1/1)

Altars:
Cheibriados
Dithmenos
Elyvilon
Gozag
Hepliaklqana
Kikubaaqudgha
Makhleb
Nemelex Xobeh
Okawaru
Qazlal
Ru
Sif Muna
Trog
Uskayaw
Vehumet
Wu Jian
Xom
Yredelemnul
Zin
The Shining One
Beogh
Jiyva
Lugonu

Shops:
D ([::

Annotations:
D exclusions: oklob plant and oklob sapling


Innate Abilities, Weirdness & Mutations

You have a pair of horns on your head.
You reflexively headbutt those who attack you in melee.


Message History

You headbutt the oklob plant.
The oklob plant is lightly damaged.
You catch the helpless oklob plant completely off-guard!
You slash the oklob plant!
The oklob plant is moderately damaged.
You slash the oklob plant!
The oklob plant is moderately damaged.
You completely miss the oklob plant. You headbutt the oklob plant!
The oklob plant is heavily damaged.
You slash the oklob plant!
The oklob plant is severely damaged.
You hit the oklob plant.
The oklob plant is severely damaged.
You flicker for a moment.
The oklob plant spits acid at you. The splash of acid misses you.
You hit the oklob plant.
The oklob plant is severely damaged.
The oklob plant spits acid at you. The splash of acid hits you!!
You hit the oklob plant but do no damage.
You headbutt the oklob plant, but do no damage.
The oklob plant is severely damaged.
You hit the oklob plant but do no damage.
The oklob plant is severely damaged.
You slash the oklob plant!
The oklob plant is almost destroyed.
You flicker back into view.
The oklob sapling spits acid at you. The splash of acid hits you!!
The oklob plant spits acid at you. The splash of acid hits you!!
The acid corrodes you!
You hit the oklob plant.
The oklob plant is almost destroyed.
The oklob sapling spits acid at you. The splash of acid hits you!!
* * * LOW HITPOINT WARNING * * *
The oklob plant spits acid at you. The splash of acid hits you!!
You die...

#<..P#.....#.....#.⌠._._._._.
#PP..'.†...'†#(..'.._._._._._
#PPPP#.†...#.#...#..._._._._.
###############'##.._._._._._
#...♣........'...#._._._._._.
#...††.♣.....#...############
#.....♣..♣..######
##'####'######P)+
#..#....'...@...#
#..#.:###....P..# #######
#########


You could see an oklob plant and an oklob sapling.

Vanquished Creatures
  An oklob plant (D)
  A queen bee (D)
  3 burning bushes (D)
  3 wandering mushrooms (D)
  3 scorpions (D)
  4 killer bees (D)
  4 oklob saplings (D)
  2 spriggans (D)
  A river rat (D)
  A rat (D)
23 creatures vanquished.

Notes
Turn   | Place    | Note
-------+----------+-------------------------------------------
     0 | D        | boopmooplesden the Minotaur Berserker began the quest for
                  | the Orb.
     0 | D        | Reached XP level 1. HP: 19/19 MP: 0/0
     7 | D        | Reached skill level 4 in Axes
     7 | D        | Reached XP level 2. HP: 28/28 MP: 1/1
    56 | D        | Noticed a scorpion
    58 | D        | Noticed an oklob sapling
    59 | D        | Killed an oklob sapling
    59 | D        | Reached ** piety under Trog
    60 | D        | Reached skill level 5 in Fighting
    60 | D        | Reached skill level 6 in Axes
    60 | D        | Reached XP level 3. HP: 10/37 MP: 2/2
    60 | D        | Killed a scorpion
    61 | D        | Reached skill level 7 in Axes
    61 | D        | Reached XP level 4. HP: 13/47 MP: 3/3
    62 | D        | Found the amulet of invisibility {+Inv}
   333 | D        | Found an opulent altar of Gozag.
   333 | D        | Found a hazy altar of Hepliaklqana.
   333 | D        | Found a snail-covered altar of Cheibriados.
   475 | D        | Found a viscous altar of Jiyva.
   475 | D        | Found a burning altar of Makhleb.
   475 | D        | Found a sparkling altar of Nemelex Xobeh.
   475 | D        | Found a sacrificial altar of Ru.
   475 | D        | Found a shimmering blue altar of Sif Muna.
   475 | D        | Found a bloodstained altar of Trog.
   475 | D        | Found an ornate altar of the Wu Jian Council.
   475 | D        | Found a shimmering altar of Xom.
   475 | D        | Found a basalt altar of Yredelemnul.
   476 | D        | Found an iron altar of Okawaru.
   476 | D        | Found a shadowy altar of Dithmenos.
   476 | D        | Found a glowing silver altar of Zin.
   477 | D        | Found an ancient bone altar of Kikubaaqudgha.
   477 | D        | Found a hide-covered altar of Uskayaw.
   478 | D        | Found a stormy altar of Qazlal.
   478 | D        | Found a white marble altar of Elyvilon.
   478 | D        | Found a glowing golden altar of the Shining One.
   479 | D        | Found a corrupted altar of Lugonu.
   479 | D        | Found a radiant altar of Vehumet.
   485 | D        | Reached skill level 8 in Axes
   485 | D        | Reached skill level 1 in Evocations
   485 | D        | Reached XP level 5. HP: 56/56 MP: 1/4
   544 | D        | Reached *** piety under Trog
   545 | D        | Reached skill level 9 in Axes
   545 | D        | Reached skill level 5 in Armour
   545 | D        | Reached skill level 1 in Stealth
   651 | D        | Found Gito's Antique Armour Shop.
   656 | D        | Reached skill level 10 in Axes
   656 | D        | Reached skill level 5 in Dodging
   656 | D        | Reached XP level 6. HP: 38/66 MP: 5/5
   657 | D        | Found Ujas Cija's Weapon Emporium.
   888 | D        | Noticed a burning bush
   888 | D        | Noticed a wandering mushroom
  1060 | D        | Noticed a wandering mushroom
  1068 | D        | Reached skill level 10 in Fighting
  1068 | D        | Killed a wandering mushroom
  1068 | D        | Reached **** piety under Trog
  1069 | D        | Reached skill level 11 in Axes
  1229 | D        | Killed a wandering mushroom
  1230 | D        | Reached XP level 7. HP: 22/74 MP: 6/6
  1475 | D        | Killed a burning bush
  1476 | D        | Reached skill level 12 in Axes
  1481 | D        | Found Xemp's Book Emporium.
  1481 | D        | Found Koemaw's Book Shoppe.
  1484 | D        | Identified the +1 short sword "Uroch" {pain, Str+5 Int+3}
  1498 | D        | Bought a leather armour for 50 gold pieces
  1537 | D        | Noticed a queen bee
  1549 | D        | Reached ***** piety under Trog
  1552 | D        | Killed a queen bee
  1553 | D        | Reached skill level 13 in Axes
  1553 | D        | Reached skill level 5 in Evocations
  1553 | D        | Reached XP level 8. HP: 85/85 MP: 4/7
  1576 | D        | Noticed an oklob plant
  1590 | D        | Killed an oklob plant
  1591 | D        | Reached skill level 14 in Axes
  1591 | D        | Reached skill level 5 in Stealth
  1606 | D        | Noticed a burning bush
  1627 | D        | Killed a burning bush
  1968 | D        | Noticed a burning bush
  1968 | D        | Noticed an oklob plant
  1969 | D        | Noticed a wandering mushroom
  1973 | D        | Killed a burning bush
  1974 | D        | Reached XP level 9. HP: 93/93 MP: 5/8
  1980 | D        | Reached skill level 15 in Axes
  1992 | D        | HP: 4/93 [oklob sapling/splash of acid (27)]
  1992 | D        | Killed from afar by an oklob plant

Illustrated notes

Levels and vault maps discovered:
D:        dungeon_sprint_fedhas [sprint_temple]

Skill      XL: |  1  2  3  4  5  6  7  8  9 |
---------------+----------------------------+-----
Fighting       | 4 5 7 8 9 11 12 13 | 13.4
Axes           | 4 6 7 8 10 11 13 14 15 | 15.0
Armour         | 3 4 5 6 |  6.0
Dodging        | 3 4 5 6 7 |  7.0
Evocations     | 1 2 3 5 6 |  6.5
Stealth        | 1 2 4 6 |  6.3

Action                   |  1- 3 |  4- 6 |  7- 9 || total
-------------------------+-------+-------+-------++-------
Melee: Hand axe          |     3 |     7 |       ||    10
       Headbutt          |       |     7 |    15 ||    22
       Punch             |       |     2 |     1 ||     3
       War axe           |       |    19 |    54 ||    73
Invok: Berserk           |     2 |     3 |     3 ||     8
 Abil: Evoke Invisibilit |       |     3 |     4 ||     7
 Stab: Sleeping          |       |     1 |     1 ||     2
       Invisible         |       |       |     6 ||     6
Armor: Animal skin       |       |     2 |       ||     2
Dodge: Dodged            |     4 |    10 |    14 ||    28
